 Dungeon Crawl Stone Soup version 0.29-a0-483-g69413ace17 (webtiles) character file.

Game seed: 17391076991278549783

131 testman the Grave Robber (level 4, -1/36 HPs)
             Began as a Deep Dwarf Necromancer on May 25, 2022.
             Was a Follower of Nemelex Xobeh.
             Slain by Pikel
             ... wielding a +2 whip of freezing
              (2 damage)
             ... on level 4 of the Dungeon.
             The game lasted 00:16:46 (3085 turns).

testman the Grave Robber (Deep Dwarf Necromancer)   Turns: 3085, Time: 00:16:46

Health: -1/36      AC:  2    Str: 11    XL:     4   Next: 91%
Magic:  5/8        EV: 11    Int: 18    God:    Nemelex Xobeh [*.....]
Gold:   148        SH:  3    Dex: 13    Spells: 1/9 levels left

rFire   . . .      SeeInvis .   d - +0 dagger
rCold   . . .      Faith    .   A - +0 buckler
rNeg    . . .      Spirit   .   a - +0 robe
rPois   .          Reflect  .   i - +0 hat
rElec   .          Harm     .   (no cloak)
rCorr   .          Rampage  .   (no gloves)
Will    .....                   (no boots)
Stlth   ++........              (no amulet)
HPRegen 0.00/turn               (no ring)
MPRegen 0.11/turn               (no ring)

@: no status effects
A: damage resistance, heal wounds, sense surroundings 1, no regeneration
a: Heal Wounds, Renounce Religion, Draw Escape, Draw Destruction, Draw Summoning


You were on level 4 of the Dungeon.
You worshipped Nemelex Xobeh.
Nemelex Xobeh was aware of your devotion.
You visited 1 branch of the dungeon, and saw 4 of its levels.

You collected 148 gold pieces.

Inventory:

Hand Weapons
 d - a +0 dagger (weapon)
Missiles
 f - 6 javelins
 j - 37 stones
Armour
 a - a +0 robe (worn)
 i - a +0 hat (worn)
 A - a +0 buckler (worn)
Jewellery
 h - a ring of fire
 v - a ring of protection from fire
Scrolls
 c - a scroll of fog {unknown}
 g - 4 scrolls of enchant armour {unknown}
 l - 5 scrolls of identify {unknown}
 m - a scroll of enchant weapon {unknown}
 o - 3 scrolls of amnesia {unknown}
 p - a scroll of blinking {unknown}
 t - 4 scrolls of teleportation {unknown}
 u - 2 scrolls of immolation {unknown}
 w - a scroll of poison {unknown}
 y - a scroll of silence {unknown}
 z - a scroll of torment {unknown}
Potions
 b - a potion of magic
 e - a potion of lignification {unknown}
 k - 2 potions of degeneration {unknown}
 n - a potion of heal wounds {unknown}
 q - a potion of brilliance {unknown}
 r - 2 potions of curing {unknown}
 s - a potion of berserk rage {unknown}
 x - a potion of flight {unknown}


   Skills:
 - Level 2.1 Dodging
 - Level 2.4 Stealth
 - Level 3.0 Spellcasting
 + Level 5.7 Necromancy
 + Level 2.1 Invocations


You had one spell level left.
You knew the following spells:

 Your Spells              Type           Power      Damage    Failure   Level
a - Necrotize             Necr           92%        1d8       2%          1
b - Vampiric Draining     Necr           23%        2d7       6%          3
c - Animate Dead          Necr           23%        N/A       22%         4

Your spell library contained the following spells:

 Spells                   Type           Power      Damage    Failure   Level
 Agony                    Necr           23%        N/A       52%         5
 Dazzling Flash           Conj/Hex       4%         N/A       54%         3
 Iskenderun's Mystic Bla  Conj/Tloc      2%         2d3       91%         4
 Starburst                Conj/Fire      1%         6d3       100%        6


Dungeon Overview and Level Annotations

Branches:
Dungeon (4/15)
 Temple: D:4-7

Altars:
Dithmenos
Nemelex Xobeh

Shops:
D:2 *

Annotations:
D:4 1 runed translucent door, Pikel; valliere's ghost, amateur OpCj


Innate Abilities, Weirdness & Mutations

You are resistant to damage.
You can heal yourself by infusing magical energy.
You passively map a small area around you.
You do not regenerate.


Message History

Pikel drinks a potion.
Pikel seems to grow stronger.
Casting: Necrotize (safe; 2% risk of failure)
Confirm with . or Enter, or press ? or * to list all spells.
Okay, then.
Aiming: Necrotize (safe; 2% risk of failure)
Press: ? - help, Q - select action, (/) - cycle Shift-Dir - straight line, f/p - Pikel
Aim: Pikel, wielding a +2 whip of freezing and wearing a +0 robe of fire resistance (moderately wounded, strong, chance to affect: 81%)
Okay, then.
Aiming: Necrotize (safe; 2% risk of failure)
Press: ? - help, Q - select action, (/) - cycle Shift-Dir - straight line, f/p - Pikel
Aim: Pikel, wielding a +2 whip of freezing and wearing a +0 robe of fire resistance (moderately wounded, strong, chance to affect: 81%) Pikel writhes in agony.
The lemure shouts!
Casting: Necrotize (safe; 2% risk of failure)
Confirm with . or Enter, or press ? or * to list all spells.
Aiming: Vampiric Draining (dangerous; 6% risk of failure)
Press: ? - help, Shift-Dir - straight line, f/p - Pikel
Aim: Pikel, wielding a +2 whip of freezing and wearing a +0 robe of fire resistance (moderately wounded, strong)
You draw life force from Pikel!
The lemure closely misses you. Pikel barely misses you.
You hit Pikel but do no damage.
Pikel is severely wounded.
The lemure hits you.
Pikel says, "All the demons know me.
They respect me."
Pikel hits you with a +2 whip of freezing!
Pikel freezes you. Magic courses through your body. The lemure hits you.
Pikel barely misses you.
Casting: Vampiric Draining (dangerous; 6% risk of failure)
Confirm with . or Enter, or press ? or * to list all spells.
Aiming: Vampiric Draining (dangerous; 6% risk of failure)
Press: ? - help, Shift-Dir - straight line, f/p - Pikel
Aim: Pikel, wielding a +2 whip of freezing and wearing a +0 robe of fire resistance (severely wounded, strong)
You draw life force from Pikel!
You feel life coursing into your body. The lemure hits you!
Pikel says, "You'll feel the lick of my whip!"
Pikel hits you with a +2 whip of freezing!
* * * LOW HITPOINT WARNING * * *
Pikel freezes you.
You die...
Your body disappears without a glow.

,..5.....###........#..#..#...#..
...###.## ##......##..#.#...###.
.... ..* ##.....##........##..
.....## #.....#...#....##<.÷
#...#######.....#..##.........
#........5........###.5##..## .
#...##.#............#......### 5
#... #..#.#5.##5.....##........
..5.. #..#.##.K@......#.........
.5.# #.#K.#..##................
...* ##.#..#..##...###.......###
...####...#....###..##.........##
....#...##.....##...#.......#.###
#.5.5.....................##### ,
##................##+##....#...
*,..>...........#...#W≈W#......#.
#...............#...#.≈.#.....###


You could see Pikel (strong), 2 lemures and valliere's ghost.

Vanquished Creatures
  6 adders
  An ufetubus (D:3)
  3 worms
  3 dart slugs
  5 ball pythons
  5 endoplasms
  3 goblins
  7 hobgoblins
  5 jackals (D:1)
  3 quokkas (D:2)
  3 bats
  4 frilled lizards
  6 kobolds
  4 rats
58 creatures vanquished.

Vanquished Creatures (collateral kills)
  A rat (D:2)
1 creature vanquished.

Grand Total: 59 creatures vanquished

Notes
Turn   | Place    | Note
-------+----------+-------------------------------------------
     0 | D:1      | testman the Deep Dwarf Necromancer began the quest for the
                  | Orb.
     0 | D:1      | Reached XP level 1. HP: 15/15 MP: 3/3
   405 | D:1      | Reached XP level 2. HP: 22/22 MP: 5/5
  1004 | D:1      | Found a faded altar of an unknown god.
  1200 | D:2      | Reached skill level 5 in Necromancy
  1200 | D:2      | Reached XP level 3. HP: 26/28 MP: 2/6
  1207 | D:2      | Learned a level 3 spell: Vampiric Draining
  1547 | D:2      | Found Juixeog's Assorted Antiques.
  1629 | D:2      | Reached XP level 4. HP: 36/36 MP: 4/8
  1732 | D:2      | Found a sparkling altar of Nemelex Xobeh.
  1754 | D:2      | Became a worshipper of Nemelex Xobeh the Trickster
  1925 | D:3      | Learned a level 4 spell: Animate Dead
  2074 | D:3      | Reached skill level 1 in Invocations
  2739 | D:4      | Found a shadowy altar of Dithmenos.
  2804 | D:4      | Found a runed translucent door.
  2807 | D:4      | Noticed valliere's ghost (amateur OpCj)
  2959 | D:4      | Reached * piety under Nemelex Xobeh
  2979 | D:4      | Noticed a lemure
  2988 | D:4      | Noticed a lemure
  2988 | D:4      | Noticed a lemure
  2988 | D:4      | Noticed Pikel
  3065 | D:4      | Noticed a lemure
  3085 | D:4      | HP: 1/36 [Pikel/+2 whip of freezing (12)]
  3085 | D:4      | Slain by Pikel

Illustrated notes

Levels and vault maps discovered:
D:1:      evilmike_arrival_grusome_pit, layout_basic,
          shapermc_ecumenical_altar_mp_vishouse
D:2:      layout_rooms, serial_shops, nicolae_shop_hallway_stairs, basic_altar
D:3:      layout_loops_ring
D:4:      layout_cave_pools, mainiacjoe_overflow_brackets,
          ebering_ghost_reflecting_pool, uniq_pikel

Skill      XL: |  1  2  3  4 |
---------------+-------------+-----
Spellcasting   | 2 3 |  3.0
Necromancy     | 5 |  5.7
Invocations    | 2 |  2.1
Dodging        | |  2.1
Stealth        | |  2.4

Action                   |  1- 3 |  4- 6 || total
-------------------------+-------+-------++-------
Melee: Dagger            |    13 |    17 ||    30
 Cast: Necrotize         |    51 |    39 ||    90
       Vampiric Draining |     2 |     6 ||     8
  Use: Potion            |       |     1 ||     1
 Stab: Sleeping          |     2 |     2 ||     4
Armor: Robe              |     4 |     5 ||     9
Dodge: Dodged            |    14 |    22 ||    36

Table legend: (Time is in decaauts)
 A = Elapsed time spent in this place.
 B = Non-inter-level travel time spent in this place.
 C = Inter-level travel time spent in this place.
 D = Time resting spent in this place.
 E = Time spent auto-exploring this place.
 F = Levels seen in this place.
 G = Mean time per level.
                   A        B        C        D        E       F      G
               +--------+--------+--------+--------+--------+-----+--------+
         Total |   3084 |   2942 |    142 |    133 |   2323 |   4 |  771.0 |
       Dungeon |   3084 |   2942 |    142 |    133 |   2323 |   4 |  771.0 |
               +--------+--------+--------+--------+--------+-----+--------+

Top non-repeatable levels by time:
     D:1: 1029 daAuts
     D:2: 826 daAuts
     D:3: 790 daAuts
     D:4: 438 daAuts
